Ice Caps vs Admirals NSH

Created - Saturday, February 27, 2016 at 01:35

Goals
1 2 3 OT1 SO T
Ice Caps 0 0 1 0 1 1
Admirals NSH 0 1 0 0 2 2
Shots
1 2 3 OT1 SO T
Ice Caps 5 2 11 1 3 19
Admirals NSH 7 8 13 2 3 30

1st period

No Goal

Penalties :
No Penalty

2nd period

1. Admirals NSH , Brody Sutter 8 (Nikita Nesterov) at 7:43 (PP)

Penalties :
Shawn Thornton (STJ) for Hooking (Minor) at 6:29

3rd period

2. Ice Caps , Scott Gomez 7 (Ryan Carter) at 15:33 (PP)

Penalties :
Shawn Thornton (STJ) for High sticking (Minor) at 5:09, Brad Winchester (MIL) for Hooking (Minor) at 15:29

Overtime #1

No Goal

Penalties :
No Penalty

Shootout

Penalty Shot by Scott Gomez for Ice Caps - Goal!
Penalty Shot by Wade Megan for Admirals NSH - Stopped by Scott Greenham
Penalty Shot by Ryan Carter for Ice Caps - Stopped by Chad Johnson
Penalty Shot by Brad Winchester for Admirals NSH - Goal!
Penalty Shot by Patrick Dwyer for Ice Caps - Stopped by Chad Johnson
Penalty Shot by Brody Sutter for Admirals NSH - Goal!

Penalties :
No Penalty

Goalie Stats

Scott Greenham (STJ), 29 saves from 30 shots - (0.967), OTL, 4-0-1, 65:00 minutes
Chad Johnson (MIL), 18 saves from 19 shots - (0.947), W, 27-9-7, 65:00 minutes

Players Stats for Ice Caps

Player Name              G  A  P  +/- PIM S  H  SB GA TA FO     MP     PP MP  PK MP  
------------------------------------------------------------------------------------
Alex Biega               0  0  0   0  0   1  2  1  0  0  0/0    21:42   0:00   0:32 
Alex Grant               0  0  0   0  0   0  1  0  0  2  0/0    25:21   0:04   2:41 
B.J. Crombeen            0  0  0   0  0   1  3  1  1  0  0/0    17:46   0:00   0:23 
Barry Goers              0  0  0   0  0   1  0  0  0  0  0/0    17:57   0:00   0:00 
Bobby Sanguinetti        0  0  0   0  0   0  1  0  0  1  0/0    25:21   0:04   2:41 
Chris Conner             0  0  0   0  0   0  0  0  1  0  2/4    17:48   0:00   0:00 
Derek Grant              0  0  0   0  0   2  1  2  2  0  3/4    18:15   0:00   1:42 
Kyle MacKinnon           0  0  0   0  0   1  0  0  0  1  1/1     2:54   0:00   0:00 
Nathan Oystrick          0  0  0   0  0   1  1  1  0  0  0/0    17:57   0:00   0:00 
Nick D'Agostino          0  0  0   0  0   1  2  1  0  2  0/0    21:42   0:00   0:32 
Patrick Dwyer            0  0  0   0  0   0  0  1  0  1  0/2    19:16   0:04   0:00 
Paul Carey               0  0  0   0  0   3  0  1  4  1  0/1    16:26   0:00   1:41 
Ryan Carter              0  1  1   0  0   2  1  2  0  0  0/1    21:21   0:04   1:47 
Scott Gomez              1  0  1   0  0   4  0  1  4  0  5/6    22:40   0:04   0:53 
Shawn Thornton           0  0  0   0  4   1  0  1  2  1  0/0    17:47   0:00   0:00 
Tim Kennedy              0  0  0   0  0   0  1  0  0  1  2/2    11:49   0:00   0:00 
Trevor Smith             0  0  0   0  0   1  1  0  0  2  3/8    18:24   0:00   0:00 
Troy Bodie               0  0  0   0  0   0  1  0  0  0  0/1     2:19   0:00   0:00 

Players Stats for Admirals NSH

Player Name              G  A  P  +/- PIM S  H  SB GA TA FO     MP     PP MP  PK MP  
------------------------------------------------------------------------------------
Allan McPherson          0  0  0   0  0   3  0  0  1  0  2/8    18:07   0:00   0:00 
Andrew Desjardins        0  0  0   0  0   3  0  1  2  0  4/5    19:52   1:04   0:04 
Brad Winchester          0  0  0   0  2   1  5  0  3  1  1/1    22:40   1:04   0:00 
Brody Sutter             1  0  1   0  0   4  0  0  5  1  3/6    17:58   2:09   0:00 
Cameron Schilling        0  0  0   0  0   1  0  0  1  0  0/0    20:39   0:00   0:00 
Frazer McLaren           0  0  0   0  0   1  1  0  1  1  0/0    16:30   0:00   0:00 
Frederic St. Denis       0  0  0   0  0   0  0  0  0  0  0/0     9:09   0:00   0:00 
Fredrik Claesson         0  0  0   0  0   2  0  1  0  0  0/0    24:11   1:16   0:00 
Jamie Wise               0  0  0   0  0   1  0  0  0  0  0/0    14:09   0:00   0:00 
Michael Pelech           0  0  0   0  0   1  3  0  0  0  1/4    18:51   1:04   0:04 
Mike Blunden             0  0  0   0  0   3  5  0  2  0  1/1    19:31   0:00   0:00 
Nikita Nesterov          0  1  1   0  0   3  3  1  3  1  0/0    22:50   1:16   0:00 
Oliver Lauridsen         0  0  0   0  0   0  0  0  0  0  0/0     1:39   0:00   0:00 
Paul Bissonnette         0  0  0   0  0   0  0  0  0  0  0/0     3:17   0:00   0:00 
Pierre-Cedric Labrie     0  0  0   0  0   1  0  1  0  0  1/1    18:02   2:09   0:00 
Tim Gleason              0  0  0   0  0   3  3  3  2  1  0/0    26:47   1:57   0:04 
Victor Bartley           0  0  0   0  0   2  1  1  1  1  0/0    26:25   1:57   0:04 
Wade Megan               0  0  0   0  0   1  2  0  2  0  1/4    19:18   2:09   0:00 

3 Stars

1 - Scott Greenham (STJ)
2 - Chad Johnson (MIL)
3 - Scott Gomez (STJ)

Power Play

Ice Caps - 1 on 1 Attempt(s) - 100.00%
Admirals NSH - 1 on 2 Attempt(s) - 50.00%

Penalty Kill

Ice Caps - 1 on 2 Attempt(s) - 50.00% - Score 0 goal in Penalty Kill
Admirals NSH - 0 on 1 Attempt(s) - 0.00% - Score 0 goal in Penalty Kill

Team Stat

Ice Caps - Hits : 15 - Faceoff Wins : 16 - Blocked Shots : 12 - Penalty Minutes : 4
Admirals NSH - Hits : 23 - Faceoff Wins : 14 - Blocked Shots : 8 - Penalty Minutes : 2

Official

Referees : Unknown
Linesman : Unknown

Game Notes

No Game Note

Finance

Level 1 -- Attendance: 1474 (73.70%) -- Ticket Income $50,116
Level 2 -- Attendance: 683 (68.30%) -- Ticket Income $9,562
Total Attendance: 2157 (71.90%)
Total Ticket Income: $59,678
Other Income: $29,242
Total Income: $88,920

Ice Caps

5 vs 5 Forward 
   Center                   Left Wing                Right Wing               Time % Phy DF OF 
 1 Scott Gomez              Ryan Carter              Patrick Dwyer            35     1   2  2  
 2 Trevor Smith             B.J. Crombeen            Shawn Thornton           30     1   2  2  
 3 Derek Grant              Chris Conner             Scott Gomez              22     1   2  2  
 4 Tim Kennedy              Paul Carey               Scott Gomez              13     1   2  2  

5 vs 5 Defense 
   Defense                  Defense                                           Time % Phy DF OF 
 1 Alex Grant               Bobby Sanguinetti                                 39     1   2  2  
 2 Alex Biega               Nick D'Agostino                                   31     1   2  2  
 3 Nathan Oystrick          Barry Goers                                       30     1   2  2  
 4 Alex Grant               Bobby Sanguinetti                                 0      1   2  2  

PowerPlay Forward 
   Center                   Left Wing                Right Wing               Time % Phy DF OF 
 1 Scott Gomez              Ryan Carter              Patrick Dwyer            60     1   2  2  
 2 Trevor Smith             B.J. Crombeen            Shawn Thornton           40     1   2  2  

PowerPlay Defense
   Defense                  Defense                                           Time % Phy DF OF 
 1 Alex Grant               Bobby Sanguinetti                                 60     1   2  2  
 2 Alex Biega               Nick D'Agostino                                   40     1   2  2  

Penalty Kill 4 Players Forward 
   Center                   Wing                     Time % Phy DF OF 
 1 Scott Gomez              Ryan Carter              60     1   2  2  
 2 Patrick Dwyer            Trevor Smith             40     1   2  2  

Penalty Kill 4 Players Defense
   Defense                  Defense                  Time % Phy DF OF 
 1 Alex Grant               Bobby Sanguinetti        60     1   2  2  
 2 Alex Biega               Nick D'Agostino          40     1   2  2  

Penalty Kill - 3 Players Forward 
   Forward                                           Time % Phy DF OF 
 1 Scott Gomez                                       60     1   2  2  
 2 Ryan Carter                                       40     1   2  2  

Penalty Kill - 3 Players Defense
   Defense                  Defense                  Time % Phy DF OF 
 1 Alex Grant               Bobby Sanguinetti        60     1   2  2  
 2 Alex Biega               Nick D'Agostino          40     1   2  2  

4 vs 4 Forward 
   Center                   Wing                     Time % Phy DF OF 
 1 Scott Gomez              Ryan Carter              60     1   2  2  
 2 Patrick Dwyer            Trevor Smith             40     1   2  2  

4 vs 4 Defense
   Defense                  Defense                  Time % Phy DF OF 
 1 Alex Grant               Bobby Sanguinetti        60     1   2  2  
 2 Alex Biega               Nick D'Agostino          40     1   2  2  

Last Minutes Offensive
   Center                   Left Wing                Right Wing               Defense                  Defense                  
   Scott Gomez              Ryan Carter              Patrick Dwyer            Alex Grant               Bobby Sanguinetti        

Last Minutes Defensive
   Center                   Left Wing                Right Wing               Defense                  Defense                  
   Scott Gomez              Ryan Carter              Patrick Dwyer            Alex Grant               Bobby Sanguinetti        

Goaltenders
Starting : Scott Greenham           
Backup : Jeff Zatkoff             

Extra Forwards
Normal : Chris Conner, Derek Grant, Paul Carey - PP : Chris Conner, Derek Grant - PK : Paul Carey
Extra Defensemen
Normal : Nathan Oystrick, Barry Goers, Alex Biega - PP : Nathan Oystrick - PK : Barry Goers, Alex Biega
Penalty Shots
Scott Gomez, Ryan Carter, Patrick Dwyer, Trevor Smith, Shawn Thornton

Admirals NSH

5 vs 5 Forward 
   Center                   Left Wing                Right Wing               Time % Phy DF OF 
 1 Andrew Desjardins        Brad Winchester          Michael Pelech           27     1   2  2  
 2 Brody Sutter             Pierre-Cedric Labrie     Mike Blunden             27     1   2  2  
 3 Wade Megan               Jamie Wise               Mike Blunden             27     1   2  2  
 4 Allan McPherson          Frazer McLaren           Brad Winchester          19     1   2  2  

5 vs 5 Defense 
   Defense                  Defense                                           Time % Phy DF OF 
 1 Tim Gleason              Victor Bartley                                    27     1   2  2  
 2 Fredrik Claesson         Nikita Nesterov                                   27     1   2  2  
 3 Fredrik Claesson         Cameron Schilling                                 27     1   2  2  
 4 Victor Bartley           Tim Gleason                                       19     1   2  2  

PowerPlay Forward 
   Center                   Left Wing                Right Wing               Time % Phy DF OF 
 1 Andrew Desjardins        Brad Winchester          Michael Pelech           60     1   2  2  
 2 Brody Sutter             Pierre-Cedric Labrie     Wade Megan               40     1   2  2  

PowerPlay Defense
   Defense                  Defense                                           Time % Phy DF OF 
 1 Tim Gleason              Victor Bartley                                    60     1   2  2  
 2 Fredrik Claesson         Nikita Nesterov                                   40     1   2  2  

Penalty Kill 4 Players Forward 
   Center                   Wing                     Time % Phy DF OF 
 1 Michael Pelech           Brad Winchester          60     1   2  2  
 2 Brody Sutter             Pierre-Cedric Labrie     40     1   2  2  

Penalty Kill 4 Players Defense
   Defense                  Defense                  Time % Phy DF OF 
 1 Tim Gleason              Victor Bartley           60     1   2  2  
 2 Fredrik Claesson         Nikita Nesterov          40     1   2  2  

Penalty Kill - 3 Players Forward 
   Forward                                           Time % Phy DF OF 
 1 Brody Sutter                                      60     1   2  2  
 2 Brad Winchester                                   40     1   2  2  

Penalty Kill - 3 Players Defense
   Defense                  Defense                  Time % Phy DF OF 
 1 Tim Gleason              Victor Bartley           60     1   2  2  
 2 Fredrik Claesson         Nikita Nesterov          40     1   2  2  

4 vs 4 Forward 
   Center                   Wing                     Time % Phy DF OF 
 1 Michael Pelech           Brad Winchester          60     1   2  2  
 2 Brody Sutter             Pierre-Cedric Labrie     40     1   2  2  

4 vs 4 Defense
   Defense                  Defense                  Time % Phy DF OF 
 1 Tim Gleason              Victor Bartley           60     1   2  2  
 2 Cameron Schilling        Nikita Nesterov          40     1   2  2  

Last Minutes Offensive
   Center                   Left Wing                Right Wing               Defense                  Defense                  
   Andrew Desjardins        Brad Winchester          Michael Pelech           Tim Gleason              Victor Bartley           

Last Minutes Defensive
   Center                   Left Wing                Right Wing               Defense                  Defense                  
   Andrew Desjardins        Brad Winchester          Michael Pelech           Tim Gleason              Victor Bartley           

Goaltenders
Starting : Chad Johnson             
Backup : Johan Gustafsson         

Extra Forwards
Normal : Brad Winchester, Wade Megan, Allan McPherson - PP : Brad Winchester, Wade Megan - PK : Allan McPherson
Extra Defensemen
Normal : Fredrik Claesson, Cameron Schilling, Victor Bartley - PP : Fredrik Claesson - PK : Cameron Schilling, Tim Gleason
Penalty Shots
Wade Megan, Brad Winchester, Brody Sutter, Pierre-Cedric Labrie, Michael Pelech

% Time on Ice - Ice Caps

Lines # - Real PCT - Wanted PCT - Time Play
Normal Forward
1 - 29% - 35% - 16:37
2 - 31% - 30% - 17:36
3 - 19% - 22% - 10:41
4 - 21% - 13% - 11:49
Normal Defense
1 - 35% - 39% - 20:00
2 - 33% - 31% - 18:46
3 - 32% - 30% - 17:57
4 - 0% - 0% - 0:00
PP Forward
1 - 100% - 60% - 0:04
2 - 0% - 40% - 0:00
PP Defense
1 - 100% - 60% - 0:04
2 - 0% - 40% - 0:00
PK Forward
1 - 100% - 60% - 3:13
2 - 0% - 40% - 0:00
PK Defense
1 - 83% - 60% - 2:41
2 - 17% - 40% - 0:32
PK3 Forward
1 - 0% - 60%
2 - 0% - 40%
PK3 Defense
1 - 0% - 60%
2 - 0% - 40%
44 Forward
1 - 84% - 60% - 4:12
2 - 16% - 40% - 0:48
44 Defense
1 - 52% - 60% - 2:36
2 - 48% - 40% - 2:24
Last Minute Offensive  - 0:00
Last Minute Defensive  - 0:00
Total
Forward - 65:00
Defense - 65:00

% Time on Ice - Admirals NSH

Lines # - Real PCT - Wanted PCT - Time Play
Normal Forward
1 - 24% - 27% - 13:35
2 - 28% - 27% - 15:36
3 - 27% - 27% - 15:02
4 - 22% - 19% - 12:30
Normal Defense
1 - 26% - 27% - 14:40
2 - 33% - 27% - 18:37
3 - 27% - 27% - 15:06
4 - 15% - 19% - 8:20
PP Forward
1 - 33% - 60% - 1:04
2 - 67% - 40% - 2:09
PP Defense
1 - 61% - 60% - 1:57
2 - 39% - 40% - 1:16
PK Forward
1 - 100% - 60% - 0:04
2 - 0% - 40% - 0:00
PK Defense
1 - 100% - 60% - 0:04
2 - 0% - 40% - 0:00
PK3 Forward
1 - 0% - 60%
2 - 0% - 40%
PK3 Defense
1 - 0% - 60%
2 - 0% - 40%
44 Forward
1 - 100% - 60% - 5:00
2 - 0% - 40% - 0:00
44 Defense
1 - 49% - 60% - 2:26
2 - 51% - 40% - 2:34
Last Minute Offensive  - 0:00
Last Minute Defensive  - 0:00
Total
Forward - 65:00
Defense - 65:00

Play by Play

1st period


0:01 of 1st period - Scott Gomez wins face-off versus Michael Pelech in neutral zone.
0:36 of 1st period - Patrick Dwyer is hit by Brad Winchester and loses puck.
1:21 of 1st period - Snap shot by Trevor Smith.
1:21 of 1st period - Stopped by Chad Johnson with a rebound.
1:23 of 1st period - Wrist shot by Shawn Thornton.
1:23 of 1st period - Shot Misses the Net.
1:25 of 1st period - Wrist shot by Trevor Smith.
1:25 of 1st period - Shot Misses the Net.
1:43 of 1st period - Nikita Nesterov is hit by Derek Grant and loses puck.
2:05 of 1st period - Slapshot by Nikita Nesterov.
2:05 of 1st period - Shot Misses the Net.
2:27 of 1st period - Trevor Smith is hit by Mike Blunden and loses puck.
2:56 of 1st period - Snap shot by Patrick Dwyer.
2:56 of 1st period - Shot Misses the Net.
2:58 of 1st period - Snap shot by Ryan Carter.
2:58 of 1st period - Stopped by Chad Johnson without a rebound.
2:59 of 1st period - Andrew Desjardins wins face-off versus Chris Conner in Admirals NSH zone.
3:22 of 1st period - Nick D'Agostino is hit by Michael Pelech and loses puck.
3:35 of 1st period - Wrist shot by Brad Winchester.
3:35 of 1st period - Stopped by Scott Greenham without a rebound.
3:36 of 1st period - Tim Kennedy wins face-off versus Allan McPherson in Ice Caps zone.
3:41 of 1st period - Wrist shot by Scott Gomez.
3:41 of 1st period - Shot Blocked by Tim Gleason.
4:05 of 1st period - Wrist shot by Trevor Smith.
4:05 of 1st period - Shot Misses the Net.
4:25 of 1st period - Snap shot by Derek Grant.
4:25 of 1st period - Stopped by Chad Johnson with a rebound.
4:27 of 1st period - Snap shot by Paul Carey.
4:27 of 1st period - Shot Misses the Net.
4:29 of 1st period - Wrist shot by Bobby Sanguinetti.
4:29 of 1st period - Shot Misses the Net.
5:32 of 1st period - Alex Biega is hit by Wade Megan and loses puck.
6:05 of 1st period - Slapshot by Andrew Desjardins.
6:05 of 1st period - Stopped by Scott Greenham with a rebound.
7:26 of 1st period - Mike Blunden is hit by Tim Kennedy and loses puck.
8:50 of 1st period - Snap shot by Pierre-Cedric Labrie.
8:50 of 1st period - Stopped by Scott Greenham with a rebound.
9:14 of 1st period - Andrew Desjardins is hit by Alex Biega and loses puck.
10:22 of 1st period - Off-side.
10:23 of 1st period - Kyle MacKinnon wins face-off versus Allan McPherson in neutral zone.
10:41 of 1st period - Snap shot by Brad Winchester.
10:41 of 1st period - Shot Blocked by Paul Carey.
12:15 of 1st period - Snap shot by Tim Kennedy.
12:15 of 1st period - Shot Blocked by Tim Gleason.
13:20 of 1st period - Snap shot by Scott Gomez.
13:20 of 1st period - Stopped by Chad Johnson with a rebound.
13:22 of 1st period - Snap shot by Barry Goers.
13:22 of 1st period - Shot Blocked by Pierre-Cedric Labrie.
14:53 of 1st period - Wrist shot by Jamie Wise.
14:53 of 1st period - Shot Misses the Net.
14:55 of 1st period - Snap shot by Jamie Wise.
14:55 of 1st period - Deflect By Allan McPherson.
14:55 of 1st period - Stopped by Scott Greenham with a rebound.
14:57 of 1st period - Slapshot by Fredrik Claesson.
14:57 of 1st period - Stopped by Scott Greenham with a rebound.
16:00 of 1st period - Andrew Desjardins is hit by Nathan Oystrick and loses puck.
16:07 of 1st period - Snap shot by Tim Gleason.
16:07 of 1st period - Shot Misses the Net.
16:09 of 1st period - Slapshot by Victor Bartley.
16:09 of 1st period - Stopped by Scott Greenham with a rebound.
16:11 of 1st period - Snap shot by Andrew Desjardins.
16:11 of 1st period - Shot Blocked by Shawn Thornton.
16:13 of 1st period - Snap shot by Paul Bissonnette.
16:13 of 1st period - Shot Blocked by B.J. Crombeen.
16:48 of 1st period - Ryan Carter is hit by Victor Bartley and loses puck.
17:37 of 1st period - Wrist shot by Ryan Carter.
17:37 of 1st period - Shot Blocked by Nikita Nesterov.
17:39 of 1st period - Wrist shot by Kyle MacKinnon.
17:39 of 1st period - Stopped by Chad Johnson with a rebound.
19:33 of 1st period - Slapshot by Fredrik Claesson.
19:33 of 1st period - Stopped by Scott Greenham without a rebound.
19:34 of 1st period - Brad Winchester wins face-off versus Trevor Smith in Ice Caps zone.
Goals for this period are 0 for Ice Caps vs 0 for Admirals NSH.
Shots for this period are 5 for Ice Caps vs 7 for Admirals NSH.

2nd period


0:01 of 2nd period - Scott Gomez wins face-off versus Allan McPherson in neutral zone.
0:29 of 2nd period - Wrist shot by Brad Winchester.
0:29 of 2nd period - Shot Hit the Post.
0:31 of 2nd period - Slapshot by Victor Bartley.
0:31 of 2nd period - Stopped by Scott Greenham with a rebound.
0:44 of 2nd period - Icing by Ryan Carter.
0:45 of 2nd period - Mike Blunden wins face-off versus Patrick Dwyer in Ice Caps zone.
0:54 of 2nd period - Snap shot by Brody Sutter.
0:54 of 2nd period - Shot Misses the Net.
1:35 of 2nd period - Trevor Smith is hit by Michael Pelech and loses puck.
1:44 of 2nd period - Wrist shot by Michael Pelech.
1:44 of 2nd period - Stopped by Scott Greenham with a rebound.
1:47 of 2nd period - Icing by Barry Goers.
1:48 of 2nd period - Andrew Desjardins wins face-off versus Trevor Smith in Ice Caps zone.
2:23 of 2nd period - Snap shot by Chris Conner.
2:23 of 2nd period - Shot Misses the Net.
2:56 of 2nd period - Slapshot by Nikita Nesterov.
2:56 of 2nd period - Stopped by Scott Greenham without a rebound.
2:57 of 2nd period - Trevor Smith wins face-off versus Allan McPherson in Ice Caps zone.
2:57 of 2nd period - Trevor Smith is hit by Brad Winchester.
3:11 of 2nd period - Wrist shot by Allan McPherson.
3:11 of 2nd period - Shot Blocked by Alex Biega.
3:13 of 2nd period - Slapshot by Fredrik Claesson.
3:13 of 2nd period - Deflect By Brad Winchester.
3:13 of 2nd period - Shot Misses the Net.
3:13 of 2nd period - Puck is out of play.
3:14 of 2nd period - Derek Grant wins face-off versus Brody Sutter in Ice Caps zone.
3:29 of 2nd period - Backhand shot by Derek Grant.
3:29 of 2nd period - Shot Misses the Net.
3:31 of 2nd period - Snap shot by Nick D'Agostino.
3:31 of 2nd period - Shot Misses the Net.
3:33 of 2nd period - Slapshot by Derek Grant.
3:33 of 2nd period - Shot Blocked by Fredrik Claesson.
4:58 of 2nd period - Snap shot by Tim Gleason.
4:58 of 2nd period - Shot Misses the Net.
5:00 of 2nd period - Wrist shot by Frazer McLaren.
5:00 of 2nd period - Stopped by Scott Greenham with a rebound.
6:29 of 2nd period - Minor Penalty to Shawn Thornton for Hooking.
6:30 of 2nd period - Pierre-Cedric Labrie wins face-off versus Paul Carey in Ice Caps zone.
7:18 of 2nd period - Derek Grant is hit by Brad Winchester and loses puck.
7:43 of 2nd period - Wrist shot by Brody Sutter.
7:43 of 2nd period - Goal by Brody Sutter - Ice Caps : 0 - Admirals NSH : 1.
7:44 of 2nd period - Trevor Smith wins face-off versus Allan McPherson in neutral zone.
8:26 of 2nd period - Nick D'Agostino is hit by Wade Megan and loses puck.
8:35 of 2nd period - Slapshot by Tim Gleason.
8:35 of 2nd period - Shot Misses the Net.
8:37 of 2nd period - Snap shot by Victor Bartley.
8:37 of 2nd period - Shot Misses the Net.
8:39 of 2nd period - Slapshot by Tim Gleason.
8:39 of 2nd period - Deflect By Mike Blunden.
8:39 of 2nd period - Shot Blocked by Derek Grant.
8:39 of 2nd period - Puck is out of play.
8:40 of 2nd period - Derek Grant wins face-off versus Wade Megan in Ice Caps zone.
8:54 of 2nd period - Off-side.
8:55 of 2nd period - Trevor Smith wins face-off versus Brody Sutter in neutral zone.
8:58 of 2nd period - Tim Gleason is hit by B.J. Crombeen and loses puck.
10:06 of 2nd period - Wrist shot by Scott Gomez.
10:06 of 2nd period - Stopped by Chad Johnson with a rebound.
11:51 of 2nd period - Slapshot by Tim Gleason.
11:51 of 2nd period - Stopped by Scott Greenham with a rebound.
12:11 of 2nd period - Snap shot by Mike Blunden.
12:11 of 2nd period - Shot Blocked by Nick D'Agostino.
12:13 of 2nd period - Snap shot by Mike Blunden.
12:13 of 2nd period - Shot Blocked by Ryan Carter.
12:15 of 2nd period - Wrist shot by Mike Blunden.
12:15 of 2nd period - Shot Blocked by Patrick Dwyer.
13:13 of 2nd period - Wrist shot by Scott Gomez.
13:13 of 2nd period - Stopped by Chad Johnson without a rebound.
13:14 of 2nd period - Brody Sutter wins face-off versus Derek Grant in Admirals NSH zone.
14:09 of 2nd period - Slapshot by Tim Gleason.
14:09 of 2nd period - Shot Misses the Net.
14:27 of 2nd period - Shawn Thornton is hit by Mike Blunden and loses puck.
14:57 of 2nd period - Snap shot by Michael Pelech.
14:57 of 2nd period - Shot Blocked by Nathan Oystrick.
15:13 of 2nd period - Slapshot by Tim Kennedy.
15:13 of 2nd period - Shot Misses the Net.
15:15 of 2nd period - Snap shot by Derek Grant.
15:15 of 2nd period - Shot Misses the Net.
15:38 of 2nd period - Tim Gleason is hit by Nick D'Agostino and loses puck.
16:11 of 2nd period - Kyle MacKinnon is hit by Nikita Nesterov and loses puck.
16:28 of 2nd period - Snap shot by Nikita Nesterov.
16:28 of 2nd period - Stopped by Scott Greenham without a rebound.
16:29 of 2nd period - Tim Kennedy wins face-off versus Wade Megan in Ice Caps zone.
17:57 of 2nd period - Troy Bodie is hit by Mike Blunden and loses puck.
18:02 of 2nd period - Snap shot by Nikita Nesterov.
18:02 of 2nd period - Deflect By Tim Kennedy.
18:02 of 2nd period - Stopped by Scott Greenham without a rebound.
18:03 of 2nd period - Wade Megan wins face-off versus Troy Bodie in Ice Caps zone.
18:39 of 2nd period - Andrew Desjardins is hit by Bobby Sanguinetti and loses puck.
19:04 of 2nd period - Ryan Carter is hit by Mike Blunden and loses puck.
Goals for this period are 0 for Ice Caps vs 1 for Admirals NSH.
Shots for this period are 2 for Ice Caps vs 8 for Admirals NSH.

3rd period


0:01 of 3rd period - Scott Gomez wins face-off versus Andrew Desjardins in neutral zone.
0:16 of 3rd period - Wrist shot by Ryan Carter.
0:16 of 3rd period - Shot Blocked by Andrew Desjardins.
0:59 of 3rd period - Jamie Wise is hit by B.J. Crombeen and loses puck.
1:20 of 3rd period - Snap shot by Mike Blunden.
1:20 of 3rd period - Stopped by Scott Greenham with a rebound.
1:22 of 3rd period - Wrist shot by Cameron Schilling.
1:22 of 3rd period - Stopped by Scott Greenham with a rebound.
1:24 of 3rd period - Wrist shot by Mike Blunden.
1:24 of 3rd period - Deflect By Jamie Wise.
1:24 of 3rd period - Stopped by Scott Greenham without a rebound.
1:25 of 3rd period - Brody Sutter wins face-off versus Chris Conner in Ice Caps zone.
1:46 of 3rd period - Slapshot by Brody Sutter.
1:46 of 3rd period - Shot Blocked by Scott Gomez.
1:48 of 3rd period - Snap shot by Mike Blunden.
1:48 of 3rd period - Stopped by Scott Greenham with a rebound.
1:50 of 3rd period - Slapshot by Nikita Nesterov.
1:50 of 3rd period - Shot Blocked by Derek Grant.
2:41 of 3rd period - Wrist shot by Paul Carey.
2:41 of 3rd period - Shot Misses the Net.
3:00 of 3rd period - Patrick Dwyer is hit by Brad Winchester and loses puck.
3:17 of 3rd period - Snap shot by Ryan Carter.
3:17 of 3rd period - Stopped by Chad Johnson with a rebound.
3:31 of 3rd period - Trevor Smith is hit by Nikita Nesterov and loses puck.
3:40 of 3rd period - Wrist shot by Brody Sutter.
3:40 of 3rd period - Stopped by Scott Greenham with a rebound.
3:58 of 3rd period - Wrist shot by Paul Carey.
3:58 of 3rd period - Stopped by Chad Johnson with a rebound.
4:00 of 3rd period - Slapshot by Barry Goers.
4:00 of 3rd period - Shot Blocked by Victor Bartley.
4:02 of 3rd period - Slapshot by Barry Goers.
4:02 of 3rd period - Stopped by Chad Johnson with a rebound.
4:04 of 3rd period - Slapshot by Nathan Oystrick.
4:04 of 3rd period - Stopped by Chad Johnson with a rebound.
4:40 of 3rd period - Nick D'Agostino is hit by Tim Gleason and loses puck.
5:09 of 3rd period - Minor Penalty to Shawn Thornton for High sticking.
5:10 of 3rd period - Brody Sutter wins face-off versus Scott Gomez in Ice Caps zone.
5:11 of 3rd period - Slapshot by Tim Gleason.
5:11 of 3rd period - Stopped by Scott Greenham with a rebound.
5:23 of 3rd period - Snap shot by Brody Sutter.
5:23 of 3rd period - Shot Misses the Net.
5:25 of 3rd period - Slapshot by Victor Bartley.
5:25 of 3rd period - Shot Misses the Net.
5:27 of 3rd period - Slapshot by Tim Gleason.
5:27 of 3rd period - Shot Blocked by Ryan Carter.
5:47 of 3rd period - Snap shot by Derek Grant.
5:47 of 3rd period - Shot Blocked by Tim Gleason.
6:21 of 3rd period - Icing by Wade Megan.
6:22 of 3rd period - Scott Gomez wins face-off versus Brody Sutter in Admirals NSH zone.
6:52 of 3rd period - Snap shot by Brody Sutter.
6:52 of 3rd period - Stopped by Scott Greenham with a rebound.
6:58 of 3rd period - Nikita Nesterov is hit by Ryan Carter and loses puck.
7:09 of 3rd period - Penalty to Shawn Thornton is over, Shawn Thornton is back on ice.
8:19 of 3rd period - Off-side.
8:20 of 3rd period - Allan McPherson wins face-off versus Trevor Smith in neutral zone.
8:29 of 3rd period - Nick D'Agostino is hit by Tim Gleason.
8:56 of 3rd period - Victor Bartley is hit by Alex Grant and loses puck.
9:19 of 3rd period - Snap shot by Tim Kennedy.
9:19 of 3rd period - Shot Misses the Net.
10:17 of 3rd period - Wrist shot by Chris Conner.
10:17 of 3rd period - Shot Misses the Net.
10:27 of 3rd period - Wrist shot by Jamie Wise.
10:27 of 3rd period - Shot Misses the Net.
11:06 of 3rd period - Brody Sutter is hit by Alex Biega.
11:25 of 3rd period - Snap shot by Paul Carey.
11:25 of 3rd period - Stopped by Chad Johnson with a rebound.
11:27 of 3rd period - Wrist shot by Paul Carey.
11:27 of 3rd period - Stopped by Chad Johnson with a rebound.
13:21 of 3rd period - Slapshot by Victor Bartley.
13:21 of 3rd period - Deflect By Wade Megan.
13:21 of 3rd period - Stopped by Scott Greenham with a rebound.
13:27 of 3rd period - Victor Bartley is hit by Troy Bodie and loses puck.
13:54 of 3rd period - Snap shot by Andrew Desjardins.
13:54 of 3rd period - Stopped by Scott Greenham without a rebound.
13:55 of 3rd period - Andrew Desjardins wins face-off versus Trevor Smith in Ice Caps zone.
14:06 of 3rd period - Snap shot by B.J. Crombeen.
14:06 of 3rd period - Stopped by Chad Johnson with a rebound.
14:08 of 3rd period - Slapshot by Alex Biega.
14:08 of 3rd period - Stopped by Chad Johnson with a rebound.
14:10 of 3rd period - Snap shot by Trevor Smith.
14:10 of 3rd period - Deflect By Shawn Thornton.
14:10 of 3rd period - Stopped by Chad Johnson with a rebound.
14:12 of 3rd period - Slapshot by Nick D'Agostino.
14:12 of 3rd period - Stopped by Chad Johnson without a rebound.
14:13 of 3rd period - Allan McPherson wins face-off versus Trevor Smith in Admirals NSH zone.
15:29 of 3rd period - Minor Penalty to Brad Winchester for Hooking.
15:30 of 3rd period - Scott Gomez wins face-off versus Michael Pelech in Admirals NSH zone.
15:33 of 3rd period - Wrist shot by Scott Gomez.
15:33 of 3rd period - Goal by Scott Gomez - Ice Caps : 1 - Admirals NSH : 1.
15:34 of 3rd period - Derek Grant wins face-off versus Allan McPherson in neutral zone.
17:16 of 3rd period - Snap shot by Tim Gleason.
17:16 of 3rd period - Shot Misses the Net.
17:18 of 3rd period - Slapshot by Tim Gleason.
17:18 of 3rd period - Stopped by Scott Greenham without a rebound.
17:19 of 3rd period - Andrew Desjardins wins face-off versus Patrick Dwyer in Ice Caps zone.
17:56 of 3rd period - Snap shot by Brody Sutter.
17:56 of 3rd period - Stopped by Scott Greenham with a rebound.
17:58 of 3rd period - Slapshot by Mike Blunden.
17:58 of 3rd period - Stopped by Scott Greenham with a rebound.
18:00 of 3rd period - Snap shot by Victor Bartley.
18:00 of 3rd period - Shot Misses the Net.
18:10 of 3rd period - Jamie Wise is hit by B.J. Crombeen and loses puck.
18:19 of 3rd period - Shawn Thornton is hit by Mike Blunden and loses puck.
18:58 of 3rd period - Wrist shot by Andrew Desjardins.
18:58 of 3rd period - Stopped by Scott Greenham with a rebound.
19:38 of 3rd period - Patrick Dwyer is hit by Brad Winchester.
Goals for this period are 1 for Ice Caps vs 0 for Admirals NSH.
Shots for this period are 11 for Ice Caps vs 13 for Admirals NSH.

Overtime #1


0:01 of 1st overtime period - Michael Pelech wins face-off versus Ryan Carter in neutral zone.
0:04 of 1st overtime period - Ryan Carter is hit by Michael Pelech.
0:16 of 1st overtime period - Snap shot by Ryan Carter.
0:16 of 1st overtime period - Shot Misses the Net.
1:54 of 1st overtime period - Slapshot by Nikita Nesterov.
1:54 of 1st overtime period - Deflect By Allan McPherson.
1:54 of 1st overtime period - Stopped by Scott Greenham without a rebound.
1:55 of 1st overtime period - Chris Conner wins face-off versus Wade Megan in Ice Caps zone.
2:04 of 1st overtime period - Snap shot by Derek Grant.
2:04 of 1st overtime period - Stopped by Chad Johnson with a rebound.
2:18 of 1st overtime period - Derek Grant is hit by Tim Gleason.
2:32 of 1st overtime period - Slapshot by Nikita Nesterov.
2:32 of 1st overtime period - Deflect By Brad Winchester.
2:32 of 1st overtime period - Shot Misses the Net.
2:32 of 1st overtime period - Puck is out of play.
2:33 of 1st overtime period - Chris Conner wins face-off versus Michael Pelech in Ice Caps zone.
3:12 of 1st overtime period - Slapshot by Tim Gleason.
3:12 of 1st overtime period - Deflect By Allan McPherson.
3:12 of 1st overtime period - Stopped by Scott Greenham with a rebound.
3:29 of 1st overtime period - Victor Bartley is hit by Nick D'Agostino and loses puck.
3:36 of 1st overtime period - Ryan Carter is hit by Frazer McLaren and loses puck.
3:41 of 1st overtime period - Slapshot by Nikita Nesterov.
3:41 of 1st overtime period - Shot Misses the Net.
4:07 of 1st overtime period - Allan McPherson is hit by Trevor Smith.
4:43 of 1st overtime period - Chris Conner is hit by Nikita Nesterov and loses puck.
Goals for this period are 0 for Ice Caps vs 0 for Admirals NSH.
Shots for this period are 1 for Ice Caps vs 2 for Admirals NSH.

ShootOut


5:00 of 1st overtime period - Penalty Shot by Scott Gomez for Ice Caps.
5:00 of 1st overtime period - Snap shot by Scott Gomez.
5:00 of 1st overtime period - Goal by Scott Gomez.
5:00 of 1st overtime period - Penalty Shot by Wade Megan for Admirals NSH.
5:00 of 1st overtime period - Snap shot by Wade Megan.
5:00 of 1st overtime period - Stopped by Scott Greenham.
5:00 of 1st overtime period - Penalty Shot by Ryan Carter for Ice Caps.
5:00 of 1st overtime period - Backhand shot by Ryan Carter.
5:00 of 1st overtime period - Stopped by Chad Johnson.
5:00 of 1st overtime period - Penalty Shot by Brad Winchester for Admirals NSH.
5:00 of 1st overtime period - Snap shot by Brad Winchester.
5:00 of 1st overtime period - Goal by Brad Winchester.
5:00 of 1st overtime period - Penalty Shot by Patrick Dwyer for Ice Caps.
5:00 of 1st overtime period - Backhand shot by Patrick Dwyer.
5:00 of 1st overtime period - Stopped by Chad Johnson.
5:00 of 1st overtime period - Penalty Shot by Brody Sutter for Admirals NSH.
5:00 of 1st overtime period - Deke by Brody Sutter.
5:00 of 1st overtime period - Goal by Brody Sutter.